 Dungeon Crawl Stone Soup version 0.18.0-1-g0107ab7 (webtiles) character file.

24 wvc the Covered (level 2, 0/21 HPs)
             Began as a Mummy Wanderer on May 5, 2016.
             Slain by Terence
             ... wielding a +4 flail of crushing
              (1 damage)
             ... on level 2 of the Dungeon.
             The game lasted 00:02:16 (1331 turns).

wvc the Covered (Mummy Wanderer)                    Turns: 1331, Time: 00:02:17

Health: 0/21       AC:  8    Str: 15    XL:     2   Next: 79%
Magic:  2/2        EV:  9    Int: 11    God:
Gold:   105        SH:  0    Dex: 11    Spells: 0 memorised, 1 level left

rFire  x . .     SeeInvis .     b - +0 shortbow
rCold  + . .     Gourm    .     a - +2 scale mail
rNeg   + + +     Faith    .     (shield currently unavailable)
rPois  ∞         Spirit   .     (no helmet)
rElec  .         Dismiss  .     (no cloak)
rCorr  .         Reflect  .     (no gloves)
SustAt .         Harm     .     (no boots)
MR     .....                    (no amulet)
Stlth  ..........               (no ring)
                                (no ring)

@: not resistant to hostile enchantments, extremely unstealthy
A: no food or potions, fire vulnerability, cold resistance 1, negative energy
resistance 3, torment resistance, unbreathing
a: no special abilities


You were on level 2 of the Dungeon.
You were not hungry.

You visited 1 branch of the dungeon, and saw 3 of its levels.

You collected 105 gold pieces.

Inventory:

Hand Weapons
 b - a +0 shortbow (weapon)
 e - a +0 dagger
Missiles
 c - 5 arrows (quivered)
Armour
 a - a +2 scale mail (worn)
 d - a +0 shield
Scrolls
 f - 2 scrolls of remove curse {unknown}
 g - a scroll of recharging {unknown}
 h - a scroll of magic mapping {unknown}
 i - 2 scrolls of fear {unknown}
 j - a scroll of blinking {unknown}
 k - 3 scrolls of identify {unknown}
 l - a scroll of enchant weapon {unknown}


   Skills:
 + Level 1.1 Fighting
   Level 1.0 Staves
 - Level 2.4 Bows
 + Level 2.6 Armour
 + Level 0.4 Dodging
 - Level 1.5 Stealth
 - Level 1.0 Shields


You had one spell level left.
You didn't know any spells.

Dungeon Overview and Level Annotations

Branches:
Dungeon (3/15)

Altars:
Xom

Annotations:
D:2 Terence


Innate Abilities, Weirdness & Mutations

You do not eat or drink.
Your flesh is vulnerable to fire.
You are immune to poison.
Your flesh is cold resistant.
You are immune to negative energy.
You are immune to unholy pain and torment.
You can survive without breathing.


Message History

Terence is heavily wounded.
Terence hits you with a flail of crushing.
* * * LOW HITPOINT WARNING * * *
There is a stone staircase leading down here.
Terence says, "You're history."
You see here 2 arrows.
c - 2 arrows Terence barely misses you.
Terence barely misses you.
You see here 4 arrows.
c - 6 arrows (gained 4) Terence hits you with a flail of crushing.
* * * LOW HITPOINT WARNING * * *
x2 Firing (i - inventory):
c - 6 arrows (quivered)
Press: ? - help, Shift-Dir - straight line, f/p - Terence
Aim: Terence, wielding a flail of crushing and wearing a ring mail (heavily wounded)
You shoot an arrow. The arrow barely misses Terence.
Terence hits you with a flail of crushing.
* * * LOW HITPOINT WARNING * * *
You die...

# # ####### .......
####### # #######
.......#.###########
######.#.#(....@@..#
#### #.#.#.#######.#
...# #.#.#.# #.# #..#
#.#.#.#######.### #..#
#.....##........# #..#
#.#.#>##.####.#.# #..#
#........# #.#.#
#..###.#.#.#### #.#.#
#...##...÷....####.#†##


You could see Terence.

Vanquished Creatures
  A worm (D:2)
  A dart slug (D:1)
  A giant gecko (D:2)
  A giant cockroach (D:1)
  4 goblins
  2 quokkas
  2 bats (D:1)
  2 giant newts
  5 rats (D:1)
19 creatures vanquished.

Notes
Turn   | Place    | Note
--------------------------------------------------------------
     0 | D:1      | wvc the Mummy Wanderer began the quest for the Orb.
     0 | D:1      | wvc set off with: a +2 scale mail, a +0 shortbow, 22 arrows, a +0 shield, a +0 dagger
     0 | D:1      | Reached XP level 1. HP: 15/15 MP: 1/1
   275 | D:1      | Reached XP level 2. HP: 21/21 MP: 2/2
   294 | D:1      | Found a shimmering altar of Xom.
  1011 | D:2      | Noticed Terence
  1331 | D:2      | HP: 1/21 [Terence/flail of crushing (4)]
  1331 | D:2      | Slain by Terence

Skill      XL: |  1 |
---------------+----+-----
Armour         | 2 |  2.6
Fighting       | |  1.1
Staves         | |  1.0
Bows           | |  2.4
Dodging        | |  0.4
Stealth        | |  1.5
Shields        | |  1.0

Action                   || total
-------------------------++-------
Melee: Dagger            ||     1
 Fire: Shortbow          ||    89
Armor: Scale mail        ||    17
Dodge: Dodged            ||    23
